[Event "Team 45 45 League T96"]
[Site "Internet Chess Club"]
[Date "2023.05.20"]
[Round "2"]
[White "Packerfan"]
[Black "Alec-hine"]
[Result "1/2-1/2"]
[WhiteElo "1676"]
[BlackElo "1858"]
[Opening "French defense, Steiner variation"]
[ECO "A13"]
[Time "15:01:25"]
[PlyCount "52"]
[TimeControl "2700+45"]

1. c4 e6 2. e4 d5 3. exd5 exd5 4. d4 Nf6 5. Nf3 Bb4+ 6. Nc3 O-O 7. Be2 dxc4 8.
O-O c6 9. Bxc4 Nbd7 10. a3 Be7 11. h3 Nb6 12. Bb3 Nbd5 13. Bg5 Be6 14. Re1 h6
15. Bh4 Nf4 16. Bc2 N6d5 17. Bxe7 Qxe7 18. Ne4 Rad8 19. Qd2 Rfe8 20. Rad1 Qc7
21. Nc5 Bxh3 22. gxh3 Qc8 23. Nd3 g5 24. Nxf4 Nxf4 25. Nh2 Qxh3 26. f3 Qg3+
{Game drawn by mutual agreement} 1/2-1/2

[Event "Team 45 45 League T96"]
[Site "Internet Chess Club"]
[Date "2023.05.21"]
[Round "2"]
[White "timcent"]
[Black "justice02"]
[Result "1-0"]
[WhiteElo "1875"]
[BlackElo "1649"]
[Opening "QGD Slav: 3.Nf3"]
[ECO "D11"]
[Time "10:00:18"]
[PlyCount "115"]
[TimeControl "2700+45"]

1. d4 d5 2. c4 c6 3. Nf3 a6 4. c5 Nd7 5. Bf4 Ngf6 6. Nc3 Nh5 7. Qd2 Nxf4 8. Qxf4
h6 9. h4 e6 10. e3 Qf6 11. Qxf6 gxf6 12. Bd3 e5 13. Bc2 e4 14. Nd2 f5 15. g3 Bg7
16. O-O b6 17. cxb6 Rb8 18. Na4 Nxb6 19. Nc5 Nd7 20. Ncb3 Ke7 21. Rab1 Kd6 22.
Rfc1 Bf6 23. Bd1 Rg8 24. Kh2 Rb5 25. Be2 Rb6 26. Nc5 f4 27. b4 fxg3+ 28. fxg3
Bd8 29. a4 a5 30. b5 Nb8 31. Ndb3 cxb5 32. axb5 Bc7 33. Na4 Rb7 34. Nbc5 Ke7 35.
Rg1 Bd6 36. Nxb7 Bxb7 37. Nc5 Bc8 38. Bf1 Rg4 39. b6 Rxh4+ 40. Kg2 Rg4 41. Kf2
Rg5 42. b7 Bg4 43. Be2 Rf5+ 44. Ke1 Bh3 45. Rb6 Rf6 46. Kd1 Rg6 47. Na6 Bd7 48.
Rxd6 Rxd6 49. Nxb8 Ba4+ 50. Kd2 Rb6 51. Na6 Rxb7 52. Ra1 Rb2+ 53. Ke1 Bd7 54.
Rxa5 Rb1+ 55. Kd2 Rb2+ 56. Kd1 Rb3 57. Nc5 Rxe3 58. Ra7 {Black resigns} 1-0

[Event "Team 45 45 League T96"]
[Site "Internet Chess Club"]
[Date "2023.05.22"]
[Round "2"]
[White "ivanson"]
[Black "mnpaulson"]
[Result "1/2-1/2"]
[WhiteElo "1572"]
[BlackElo "1494"]
[Opening "Ruy Lopez: closed, anti-Marshall 8.a4"]
[ECO "C88"]
[Time "19:22:40"]
[PlyCount "76"]
[TimeControl "2700+45"]

1. e4 e5 2. Nf3 Nc6 3. Bb5 a6 4. Ba4 Nf6 5. O-O b5 6. Bb3 Be7 7. Re1 O-O 8. a4
Bb7 9. d3 d6 10. Nbd2 Nb8 11. Nf1 Nbd7 12. Ng3 Re8 13. axb5 axb5 14. Rxa8 Qxa8
15. Ng5 d5 16. exd5 Bxd5 17. Bxd5 Qxd5 18. Nf3 h6 19. Bd2 Bf8 20. Ne4 g6 21. Qc1
Kh7 22. Nc3 Qc5 23. Be3 Qc6 24. h3 Bg7 25. Bd2 Qb7 26. Ne4 Nxe4 27. Rxe4 Nc5 28.
Rh4 h5 29. b4 Ne6 30. Re4 Qd5 31. Qe1 Nd8 32. Bc3 f6 33. d4 f5 34. Re2 e4 35.
Ng5+ Kg8 36. h4 Ne6 37. Nxe6 Rxe6 38. Bb2 Qc4 {Game drawn by mutual agreement}
1/2-1/2

[Event "Team 45 45 League T96"]
[Site "Internet Chess Club"]
[Date "2023.05.21"]
[Round "2"]
[White "seattleblues"]
[Black "RD1974"]
[Result "0-1"]
[WhiteElo "1277"]
[BlackElo "1625"]
[Opening "Modern defense"]
[ECO "E61"]
[Time "19:07:37"]
[PlyCount "112"]
[TimeControl "2700+45"]

1. d4 g6 2. Nf3 Bg7 3. c4 d6 4. Nc3 Nf6 5. Bf4 Nh5 6. Bg5 h6 7. Bh4 g5 8. Bg3
Bf5 9. e3 Nd7 10. Be2 a6 11. Nd2 Nhf6 12. Bf3 Rb8 13. Rc1 Bd3 14. Nde4 Bxc4 15.
b3 Be6 16. Nxf6+ Nxf6 17. d5 Bd7 18. e4 h5 19. h3 c5 20. dxc6 Bxc6 21. Nd5 Qa5+
22. b4 Qxa2 23. Nxf6+ Bxf6 24. Rc2 Qb3 25. O-O Qxb4 26. Bxh5 Rxh5 27. Qxh5 Qxe4
28. Rxc6 bxc6 29. Qd1 Qd4 30. Qc1 c5 31. Rd1 Qc3 32. Qxc3 Bxc3 33. Rd3 Rb1+ 34.
Kh2 Be5 35. Bxe5 dxe5 36. Rc3 Kd7 37. Rxc5 Kd6 38. Ra5 Rb6 39. Kg3 f6 40. Kg4
Ke6 41. Kf3 f5 42. Ke2 f4 43. f3 Kf6 44. Kd3 e6 45. Ke4 Rb4+ 46. Kd3 Rb2 47.
Rxa6 Rxg2 48. Ke4 Re2+ 49. Kd3 Re3+ 50. Kc4 Rxf3 51. Kc5 Rxh3 52. Kd6 f3 53. Kd7
f2 54. Rxe6+ Kf5 55. Ke7 Ke4 56. Rf6 Rf3 {White resigns} 0-1

[Event "Team 45 45 League T96"]
[Site "Internet Chess Club"]
[Date "2023.05.18"]
[Round "2"]
[White "Portola"]
[Black "Goli"]
[Result "0-1"]
[WhiteElo "1756"]
[BlackElo "1817"]
[Opening "King's Indian: East Indian defense"]
[ECO "A48"]
[Time "13:32:41"]
[PlyCount "62"]
[TimeControl "2700+45"]

1. d4 Nf6 2. Nf3 g6 3. c3 Bg7 4. Bg5 d6 5. Nbd2 c5 6. e3 cxd4 7. exd4 O-O 8. Be2
b6 9. O-O Bb7 10. Qc2 Nbd7 11. Rad1 Rc8 12. Qb1 Qc7 13. Rfe1 Rfe8 14. Bh4 e5 15.
dxe5 dxe5 16. Bg3 Nh5 17. Nf1 Nxg3 18. hxg3 Nc5 19. Ne3 Be4 20. Qa1 f5 21. Bc4+
Kh8 22. Ng5 Re7 23. Nxe4 Nxe4 24. Bb3 Rd7 25. Be6 Rxd1 26. Rxd1 Rd8 27. Bd5 Nxg3
28. fxg3 Qc5 29. Kh2 Qxe3 30. Bf3 Rd2 31. Re1 Qxf3 {White resigns} 0-1

[Event "Team 45 45 League T96"]
[Site "Internet Chess Club"]
[Date "2023.05.20"]
[Round "2"]
[White "fhunfi"]
[Black "ElValero"]
[Result "1/2-1/2"]
[WhiteElo "1704"]
[BlackElo "1670"]
[Opening "French: Rubinstein variation"]
[ECO "C10"]
[Time "10:02:42"]
[PlyCount "69"]
[TimeControl "2700+45"]

1. e4 e6 2. d4 d5 3. Nc3 dxe4 4. Nxe4 Nd7 5. Nf3 Be7 6. Bd3 Ngf6 7. Qe2 c5 8.
dxc5 Nxe4 9. Qxe4 Nxc5 10. Bb5+ Bd7 11. Bxd7+ Qxd7 12. Qe2 Bf6 13. O-O O-O 14.
Be3 Qc7 15. c3 Na4 16. Qc2 Nb6 17. Bxb6 Qxb6 18. Rfd1 Rfd8 19. Qb3 Qxb3 20. axb3
Rxd1+ 21. Rxd1 Rd8 22. Rxd8+ Bxd8 23. Kf1 Kf8 24. Ke2 Ke8 25. Nd2 Kd7 26. Kd3
Bc7 27. h3 f5 28. f3 g5 29. Kd4 Bf4 30. Nc4 Kc6 31. Ne5+ Kd6 32. Nc4+ Kc6 33.
Ne5+ Kd6 34. Nc4+ Kc6 35. Ne5+ {Game drawn by repetition} 1/2-1/2

[Event "Team 45 45 League T96"]
[Site "Internet Chess Club"]
[Date "2023.05.21"]
[Round "2"]
[White "Kingofknights"]
[Black "ChessMaine"]
[Result "0-1"]
[WhiteElo "1554"]
[BlackElo "1495"]
[Opening "QGD: 4.Bg5 Be7, 5.e3 O-O"]
[ECO "D53"]
[Time "19:01:02"]
[PlyCount "136"]
[TimeControl "2700+45"]

1. d4 d5 2. c4 e6 3. Nc3 Nf6 4. Bg5 Be7 5. e3 O-O 6. cxd5 exd5 7. Bd3 Nbd7 8.
Nge2 Ne4 9. Bxe7 Qxe7 10. Nxd5 Qh4 11. O-O c6 12. Ndc3 Ndf6 13. Nxe4 Nxe4 14.
Qc2 Nf6 15. f3 Qg5 16. Nf4 Re8 17. Qf2 Nd5 18. Nxd5 Qxd5 19. e4 Qg5 20. Rae1 Be6
21. f4 Qe7 22. d5 Rad8 23. Bc2 Bd7 24. Bb3 Qb4 25. e5 cxd5 26. Bxd5 Re7 27. Re4
Qb5 28. Bc4 Qc6 29. Qe2 Bf5 30. Re3 Red7 31. b3 Rd2 32. Qf3 Qxf3 33. Rfxf3 Rxa2
34. Rf2 Rd1+ 35. Rf1 Rdd2 36. Rg3 Rab2 37. Re1 Bc2 38. e6 fxe6 39. Bxe6+ Kf8 40.
Bh3 Rb1 41. Re3 Rxe1+ 42. Rxe1 Bxb3 43. Re3 Bd5 44. f5 b5 45. Ra3 Ra2 46. Re3 b4
47. f6 gxf6 48. g3 b3 49. Bd7 b2 50. Bf5 Ra1+ 51. Kf2 a5 52. Rc3 a4 53. Rc8+ Ke7
54. Rb8 a3 55. Ke2 Ba2 56. Bxh7 Bb1 57. Rb7+ Kd6 58. Bg8 Bg6 59. Rb6+ Kc5 60.
Rb8 b1=Q 61. Rxb1 Rxb1 62. Be6 Be4 63. h4 Bd5 64. Bf5 Rb2+ 65. Ke3 a2 66. h5
a1=Q 67. g4 Qe1+ 68. Kf4 Qe5# {White checkmated} 0-1

[Event "Team 45 45 League T96"]
[Site "Internet Chess Club"]
[Date "2023.05.21"]
[Round "2"]
[White "janh"]
[Black "HR2005"]
[Result "1-0"]
[WhiteElo "1998"]
[BlackElo "2025"]
[Opening "English opening"]
[ECO "A10"]
[Time "10:13:26"]
[PlyCount "89"]
[TimeControl "2700+45"]

1. c4 g6 2. Nc3 Bg7 3. g3 d6 4. Bg2 Nf6 5. e4 O-O 6. Nge2 c5 7. O-O Nc6 8. d3
Ne8 9. h3 Nc7 10. Be3 Ne6 11. Qd2 Ned4 12. Kh2 Rb8 13. Bh6 b5 14. Bxg7 Kxg7 15.
Nxb5 Nxb5 16. cxb5 Rxb5 17. d4 Qb6 18. dxc5 Rxc5 19. Nc3 Ba6 20. Rfd1 Qa5 21. a3
Rc4 22. b4 Qe5 23. Ne2 Rc8 24. f4 Qe6 25. b5 Bxb5 26. Qb2+ Qf6 27. Qxb5 Rc2 28.
Qd3 Qb2 29. Rdb1 Rd2 30. Rxb2 Rxd3 31. Rc2 Re3 32. Bf1 Rxe4 33. Rac1 Ra4 34.
Rxc6 Rxc6 35. Rxc6 Rxa3 36. Rc2 e5 37. fxe5 dxe5 38. Nc3 f5 39. Nb5 Ra1 40. Bg2
a5 41. Bd5 e4 42. Kg2 Kf6 43. Ba2 h5 44. Rc6+ Ke5 45. Re6# {Black checkmated}
1-0

[Event "Team 45 45 League T96"]
[Site "Internet Chess Club"]
[Date "2023.05.23"]
[Round "2"]
[White "MichaelIC"]
[Black "ElValero"]
[Result "1-0"]
[WhiteElo "2052"]
[BlackElo "1667"]
[Opening "QGD: exchange, positional line"]
[ECO "D35"]
[Time "12:00:30"]
[PlyCount "45"]
[TimeControl "2700+45"]

1. d4 Nf6 2. c4 e6 3. Nc3 d5 4. cxd5 exd5 5. Bg5 Be7 6. e3 c6 7. Bd3 O-O 8. Qc2
h6 9. Bh4 Re8 10. Nge2 Ne4 11. Bxe7 Qxe7 12. O-O Nd7 13. Rae1 Ndf6 14. f3 Nd6
15. Ng3 Bd7 16. e4 dxe4 17. fxe4 Nb5 18. e5 Nxd4 19. Qf2 Qc5 20. exf6 Nf3+ 21.
gxf3 Qd6 22. Nce4 Qxd3 23. Rd1 {Black resigns} 1-0

[Event "Team 45 45 League T96"]
[Site "Internet Chess Club"]
[Date "2023.05.22"]
[Round "2"]
[White "julesraider"]
[Black "JACampbell"]
[Result "0-1"]
[WhiteElo "1577"]
[BlackElo "1619"]
[Opening "King's Indian: orthodox, Aronin-Taimanov, bayonet attack"]
[ECO "E97"]
[Time "20:00:20"]
[PlyCount "50"]
[TimeControl "2700+45"]

1. d4 Nf6 2. c4 g6 3. Nc3 Bg7 4. e4 d6 5. Nf3 O-O 6. Be2 e5 7. O-O Nc6 8. d5 Ne7
9. b4 Nd7 10. Ng5 h6 11. Nf3 f5 12. Re1 Nf6 13. Bd3 Rf7 14. Qc2 f4 15. c5 g5 16.
cxd6 cxd6 17. Nb5 Ng6 18. a4 g4 19. Nd2 g3 20. Nf1 gxf2+ 21. Kxf2 Qb6+ 22. Ke2
Bg4+ 23. Kd2 Qf2+ 24. Kc3 Rc8+ 25. Bc4 Rxc4+ {White resigns} 0-1

[Event "Team 45 45 League T96"]
[Site "Internet Chess Club"]
[Date "2023.05.18"]
[Round "2"]
[White "DaveTheRook"]
[Black "Sandrotov"]
[Result "0-1"]
[WhiteElo "1411"]
[BlackElo "1615"]
[Opening "QGD: 6.Nf3"]
[ECO "D55"]
[Time "17:01:03"]
[PlyCount "80"]
[TimeControl "2700+45"]

1. d4 d5 2. c4 e6 3. Nc3 Nf6 4. Nf3 Be7 5. Bg5 O-O 6. e3 a6 7. Bd3 dxc4 8. Bxc4
b5 9. Bd3 Bb7 10. Qe2 Nbd7 11. O-O h6 12. Bh4 c5 13. a4 c4 14. Bc2 b4 15. Nd1
Rc8 16. e4 a5 17. e5 Nd5 18. Bxe7 Qxe7 19. Ne3 N7b6 20. Nxd5 Nxd5 21. Be4 Rc7
22. Bxd5 Bxd5 23. Nd2 c3 24. bxc3 bxc3 25. Ne4 Bc4 26. Qc2 Bxf1 27. Rxf1 Qb4 28.
Rd1 Qb2 29. Rc1 Rd8 30. Nd6 Rb8 31. Nb5 Rc4 32. g3 Qxc2 33. Rxc2 Rxa4 34. Nd6
Ra3 35. Kg2 Rb4 36. h4 Rab3 37. Ne4 Rxd4 38. Nd6 Rd2 39. Rc1 c2 40. h5 Rb1
{White resigns} 0-1

[Event "Team 45 45 League T96"]
[Site "Internet Chess Club"]
[Date "2023.05.23"]
[Round "2"]
[White "room-matt"]
[Black "fileman"]
[Result "1-0"]
[WhiteElo "1780"]
[BlackElo "1788"]
[Opening "Queen's pawn game, Chigorin variation"]
[ECO "A40"]
[Time "14:33:08"]
[PlyCount "59"]
[TimeControl "2700+45"]

1. d4 Nc6 2. Nf3 d5 3. c4 e6 4. e3 Nf6 5. Nc3 Bd7 6. cxd5 Nxd5 7. Nxd5 exd5 8.
Qb3 Bb4+ 9. Bd2 Bxd2+ 10. Nxd2 Bc8 11. Rc1 O-O 12. Nf3 Ne7 13. Bd3 c6 14. O-O
Qb6 15. Qc2 g6 16. Rfe1 Bf5 17. Ne5 f6 18. Bxf5 fxe5 19. Be6+ Kg7 20. dxe5 Rae8
21. Bd7 Rd8 22. e6 h5 23. Qc3+ Kh7 24. Qa3 c5 25. Rxc5 Qd6 26. Qc3 Rxd7 27. exd7
Nc6 28. Rd1 Rf5 29. e4 d4 30. exf5 {Black resigns} 1-0

[Event "Team 45 45 League T96"]
[Site "Internet Chess Club"]
[Date "2023.05.21"]
[Round "2"]
[White "MrAbendroth"]
[Black "Beetlejuice"]
[Result "1/2-1/2"]
[WhiteElo "1679"]
[BlackElo "1693"]
[Opening "Sicilian: Labourdonnais-Löwenthal variation"]
[ECO "B32"]
[Time "14:00:21"]
[PlyCount "156"]
[TimeControl "2700+45"]

1. e4 c5 2. Nf3 Nc6 3. d4 cxd4 4. Nxd4 e5 5. Nf3 Nf6 6. Nc3 Bb4 7. Bd3 O-O 8.
Bg5 Bxc3+ 9. bxc3 d6 10. h3 Be6 11. Qe2 Rc8 12. c4 a6 13. Bd2 Na5 14. Bxa5 Qxa5+
15. Nd2 g6 16. g4 Rc7 17. O-O Kg7 18. Rfb1 Rfc8 19. Rb2 Qa4 20. Rab1 Qc6 21. Rb6
Qd7 22. Qf3 Qe7 23. Qg3 Kg8 24. f4 exf4 25. Qxf4 Rd8 26. Qg3 Bc8 27. Nf1 Nxe4
28. Qf4 Nc5 29. Ne3 Qe5 30. Qxe5 dxe5 31. Nd5 Rxd5 32. cxd5 Nxd3 33. cxd3 Rc5
34. d6 Rd5 35. R1b3 Kf8 36. Rc3 Bd7 37. Rxb7 Rxd6 38. Kf2 Ke7 39. Ke3 Kf6 40.
Rb4 Be6 41. a3 Bd7 42. Rc5 Bb5 43. d4 exd4+ 44. Rxd4 Rxd4 45. Kxd4 h6 46. h4 Ke6
47. Re5+ Kd6 48. g5 hxg5 49. hxg5 Bf1 50. Ra5 Ke6 51. Rc5 Bb5 52. Kc3 Kd6 53.
Kb4 Bf1 54. Rc2 Ke6 55. Rf2 Bd3 56. Rf6+ Ke7 57. Kc5 Be2 58. a4 Bd3 59. Kb6 Be2
60. a5 Bc4 61. Ka7 Kd7 62. Rxa6 Bxa6 63. Kxa6 f5 64. gxf6 g5 65. Kb7 g4 66. a6
g3 67. a7 g2 68. a8=Q g1=Q 69. Qc8+ Kd6 70. Qc7+ Ke6 71. Qe7+ Kf5 72. f7 Qg2+
73. Kb8 Qb2+ 74. Qb7 Qe5+ 75. Qc7 Qb5+ 76. Kc8 Qa6+ 77. Kd8 Qf6+ 78. Kc8 Kg6
{Game drawn by mutual agreement} 1/2-1/2

[Event "Team 45 45 League T96"]
[Site "Internet Chess Club"]
[Date "2023.05.20"]
[Round "2"]
[White "bobhill"]
[Black "Egmont"]
[Result "1-0"]
[WhiteElo "1877"]
[BlackElo "1633"]
[Opening "Queen's bishop game"]
[ECO "D02"]
[Time "10:03:29"]
[PlyCount "75"]
[TimeControl "2700+45"]

1. d4 d5 2. Nf3 Nf6 3. Bf4 e6 4. c3 Bd6 5. Bxd6 Qxd6 6. e3 O-O 7. Bd3 b6 8. Qe2
a5 9. Ne5 Ba6 10. Bxa6 Nxa6 11. Nd2 c5 12. O-O Nc7 13. f4 Nd7 14. Rf3 Nxe5 15.
fxe5 Qe7 16. Raf1 f5 17. exf6 Rxf6 18. Rxf6 gxf6 19. Rf4 Rf8 20. a4 Rf7 21. Qf2
c4 22. e4 Kh8 23. g4 e5 24. dxe5 Qxe5 25. Rf5 Qe7 26. exd5 Qd7 27. Nxc4 Qxa4 28.
Ne3 Kg7 29. g5 Ne8 30. gxf6+ Rxf6 31. Rxf6 Nxf6 32. Qg3+ Kh6 33. h4 Qa1+ 34. Nf1
Qc1 35. d6 Ne4 36. Qe5 Qe1 37. Qf4+ Kg6 38. d7 {Black resigns} 1-0

[Event "Team 45 45 League T96"]
[Site "Internet Chess Club"]
[Date "2023.05.21"]
[Round "2"]
[White "LoseOften"]
[Black "discipulo"]
[Result "1-0"]
[WhiteElo "1653"]
[BlackElo "1718"]
[Opening "French: Rubinstein variation"]
[ECO "C10"]
[Time "13:00:12"]
[PlyCount "79"]
[TimeControl "2700+45"]

1. e4 e6 2. d4 d5 3. Nc3 dxe4 4. Nxe4 Nd7 5. Nf3 Ngf6 6. Bd3 c5 7. O-O Nxe4 8.
Bxe4 Nf6 9. Bd3 cxd4 10. Nxd4 Be7 11. c3 O-O 12. Qc2 a6 13. Bg5 g6 14. Rad1 Qc7
15. Nf3 b5 16. Rfe1 Bb7 17. Ne5 Kg7 18. Qd2 Rfd8 19. Qf4 Rd5 20. Bh6+ Kg8 21.
Nxg6 Qxf4 22. Nxe7+ Kh8 23. Bxf4 Rd7 24. Be5 Kg7 25. Re3 Rxe7 26. Rg3+ Kf8 27.
Bxf6 Rd7 28. Bd4 Ke7 29. Bxh7 Rad8 30. Rgd3 Bd5 31. Bc5+ Kf6 32. f3 Rc8 33. Bd4+
Ke7 34. Be4 Rg8 35. Bc5+ Kf6 36. Bxd5 exd5 37. Rxd5 Rc7 38. Rd6+ Ke5 39. R1d5+
Kf4 40. Rf6# {Black checkmated} 1-0

[Event "Team 45 45 League T96"]
[Site "Internet Chess Club"]
[Date "2023.05.19"]
[Round "2"]
[White "elmaestro"]
[Black "ElValero"]
[Result "1/2-1/2"]
[WhiteElo "1583"]
[BlackElo "1668"]
[Opening "English opening"]
[ECO "A13"]
[Time "16:20:09"]
[PlyCount "74"]
[TimeControl "2700+45"]

1. c4 e6 2. g3 d5 3. Bg2 Nf6 4. Nf3 c5 5. O-O Be7 6. b3 O-O 7. d3 Nc6 8. Bb2 d4
9. e3 e5 10. exd4 exd4 11. Na3 h6 12. Nc2 a5 13. a3 Qb6 14. Rb1 Bg4 15. Qd2 Rad8
16. Rfe1 Rfe8 17. Ba1 Qc7 18. b4 axb4 19. axb4 Bxf3 20. Bxf3 Nxb4 21. Nxb4 cxb4
22. Bb2 Bc5 23. Rxe8+ Rxe8 24. Re1 Rxe1+ 25. Qxe1 b6 26. Qe2 Qd7 27. Qe5 b3 28.
Bd1 Qa4 29. Bxd4 Bxd4 30. Qxd4 Qa2 31. Qxb6 b2 32. Bc2 Ng4 33. h3 Qa1+ 34. Kg2
Qa8+ 35. Kg1 Qa1+ 36. Kg2 Qa8+ 37. Kg1 Qa1+ {Game drawn by repetition} 1/2-1/2

[Event "Team 45 45 League T96"]
[Site "Internet Chess Club"]
[Date "2023.05.18"]
[Round "2"]
[White "julesraider"]
[Black "burlap"]
[Result "1-0"]
[WhiteElo "1570"]
[BlackElo "1309"]
[Opening "QGD semi-Slav"]
[ECO "D43"]
[Time "21:30:29"]
[PlyCount "117"]
[TimeControl "2700+45"]

1. d4 d5 2. c4 c6 3. Nc3 Nf6 4. Nf3 e6 5. Bg5 h6 6. Bh4 dxc4 7. a4 Bb4 8. Bxf6
Qxf6 9. e3 b5 10. Be2 Nd7 11. O-O Bxc3 12. bxc3 O-O 13. Qc2 a6 14. axb5 cxb5 15.
Qe4 Nb6 16. Rfb1 Rb8 17. Ne5 Bb7 18. Qc2 Qg5 19. g3 Rfd8 20. h4 Qf5 21. Qd1 Nd7
22. Bg4 Qh7 23. Nxd7 Rxd7 24. Bf3 Bxf3 25. Qxf3 Qf5 26. Qc6 Ra7 27. e4 Qf3 28.
Rc1 a5 29. d5 exd5 30. exd5 a4 31. Qc5 Rd7 32. d6 b4 33. cxb4 Rbd8 34. Rxa4 Rxd6
35. Raa1 Rd2 36. b5 c3 37. b6 c2 38. Qe3 Qxe3 39. fxe3 Rb8 40. Kf1 Rd1+ 41. Ke2
Rxc1 42. Rxc1 Rxb6 43. Rxc2 Kf8 44. Rc8+ Ke7 45. Rc7+ Kf6 46. Kf3 g5 47. hxg5+
hxg5 48. g4 Kg6 49. Rc8 f5 50. gxf5+ Kxf5 51. Rc5+ Kf6 52. e4 Kg6 53. Kg4 Rf6
54. Rxg5+ Kf7 55. Rc5 Rg6+ 56. Kf5 Kg7 57. e5 Kf7 58. Rc7+ Kf8 59. Kxg6 {Black
resigns} 1-0

[Event "Team 45 45 League T96"]
[Site "Internet Chess Club"]
[Date "2023.05.19"]
[Round "2"]
[White "jcule"]
[Black "mongmong"]
[Result "1/2-1/2"]
[WhiteElo "1369"]
[BlackElo "1505"]
[Opening "Neo-Indian (Seirawan) attack"]
[ECO "E00"]
[Time "15:00:38"]
[PlyCount "93"]
[TimeControl "2700+45"]

1. d4 e6 2. c4 Nf6 3. Bg5 h6 4. Bh4 b6 5. Bxf6 Qxf6 6. e3 Bb7 7. a3 c5 8. Nf3
Bxf3 9. Qxf3 Qxf3 10. gxf3 cxd4 11. exd4 Nc6 12. d5 Ne5 13. Nd2 Rc8 14. f4 Ng6
15. f5 exf5 16. Bh3 Bd6 17. Bxf5 Rd8 18. Bxg6 fxg6 19. O-O-O Kf7 20. Ne4 Bf4+
21. Kb1 d6 22. h3 Rc8 23. b3 Rc7 24. Rd3 Rf8 25. Rf3 Ke7 26. Rg1 Be5 27. Rxf8
Kxf8 28. Rxg6 Rd7 29. Kc2 Kf7 30. Re6 Re7 31. Rxe7+ Kxe7 32. Kd3 Bb2 33. a4 a5
34. Ke3 g5 35. Kf3 Be5 36. Kg4 Kf7 37. Kf5 Bf4 38. Nc3 Bd2 39. Ne4 Bb4 40. Nf6
Be1 41. f3 Bf2 42. Ne4 Bc5 43. Ng3 Bf2 44. Ne4 Bc5 45. Ng3 Bf2 46. Ne4 Bc5 47.
Ng3 {Game drawn by repetition} 1/2-1/2

[Event "Team 45 45 League T96"]
[Site "Internet Chess Club"]
[Date "2023.05.22"]
[Round "2"]
[White "Gilguli"]
[Black "Fulmar"]
[Result "1-0"]
[WhiteElo "1435"]
[BlackElo "1230"]
[Opening "King's pawn opening"]
[ECO "B07"]
[Time "15:00:13"]
[PlyCount "127"]
[TimeControl "2700+45"]

1. e4 d6 2. Nc3 c6 3. g3 Qc7 4. Bg2 Nd7 5. d3 g6 6. f4 Bg7 7. Nf3 Ngf6 8. O-O
Qb6+ 9. Kh1 Ng4 10. Qe2 h5 11. h3 Nh6 12. Rb1 Bxc3 13. Be3 Qb4 14. bxc3 Qxc3 15.
Bd4 Qa5 16. Bxh8 f6 17. Bg7 Ng8 18. e5 dxe5 19. fxe5 Qxa2 20. Ng5 fxg5 21. e6
Ndf6 22. Be4 Qxe6 23. Bxg6+ Kd8 24. Qxe6 Bxe6 25. Rxb7 Bd5+ 26. Kh2 Kc8 27. Rb2
Rb8 28. Rxb8+ Kxb8 29. Rb1+ Kc7 30. c4 Be6 31. Ra1 Kb7 32. Rb1+ Kc7 33. Re1 Kd6
34. Ra1 g4 35. Rxa7 Nd7 36. h4 Ne5 37. Bxe5+ Kxe5 38. Bxh5 Kf5 39. Ra5+ Kf6 40.
Rg5 Bf7 41. Bxf7 Kxf7 42. Rxg4 Nh6 43. Rf4+ Ke6 44. g4 Ke5 45. Re4+ Kd6 46. Kg3
e5 47. g5 Nf5+ 48. Kg4 Nd4 49. Rxd4+ exd4 50. Kf5 Ke7 51. g6 Kf8 52. Ke5 c5 53.
Kd6 Kg7 54. h5 Kf6 55. Kxc5 Kg5 56. Kxd4 Kxh5 57. g7 Kh4 58. g8=Q Kh3 59. Ke4
Kh2 60. Kf4 Kh1 61. Kf3 Kh2 62. Qg7 Kh1 63. Kf2 Kh2 64. Qh6# {Black checkmated}
1-0

[Event "Team 45 45 League T96"]
[Site "Internet Chess Club"]
[Date "2023.05.22"]
[Round "2"]
[White "Portola"]
[Black "Lawkeito"]
[Result "1-0"]
[WhiteElo "1770"]
[BlackElo "1701"]
[Opening "Queen's pawn game, Darooha variation "]
[ECO "D02"]
[Time "19:00:49"]
[PlyCount "73"]
[TimeControl "2700+45"]

1. d4 d5 2. Nf3 Nf6 3. c3 Bf5 4. Bf4 c5 5. e3 Qb6 6. Qb3 c4 7. Qxb6 axb6 8. Nbd2
b5 9. Bxb8 Rxb8 10. Be2 e6 11. O-O b4 12. cxb4 Bxb4 13. a3 Bd6 14. Rfc1 Ke7 15.
h3 h6 16. Bd1 Rhc8 17. g4 Bd3 18. Ne1 Bg6 19. f4 Rc7 20. Nef3 Rbc8 21. Nb1 b5
22. Nc3 Rb7 23. Ne5 Be4 24. g5 hxg5 25. fxg5 Bxe5 26. gxf6+ Bxf6 27. Be2 Bf5 28.
Bf1 b4 29. axb4 Rcb8 30. b5 Kd7 31. Ra6 Be7 32. Rca1 Bb4 33. Ra7 Kd6 34. R7a6+
Rb6 35. Na4 Rxa6 36. bxa6 Ra8 37. Nb6 {Black resigns} 1-0

[Event "Team 45 45 League T96"]
[Site "Internet Chess Club"]
[Date "2023.05.21"]
[Round "2"]
[White "manfredo"]
[Black "rubo"]
[Result "1-0"]
[WhiteElo "1553"]
[BlackElo "1472"]
[Opening "Caro-Kann: Tartakower (fantasy) variation"]
[ECO "B12"]
[Time "18:00:18"]
[PlyCount "81"]
[TimeControl "2700+45"]

1. e4 c6 2. d4 d5 3. f3 e6 4. Nc3 Bb4 5. Bf4 dxe4 6. fxe4 Qh4+ 7. g3 Qd8 8. Nf3
Nf6 9. Bd3 Qa5 10. Bd2 O-O 11. O-O c5 12. e5 Nd5 13. Bxh7+ Kxh7 14. Ng5+ Kg6 15.
Qg4 f5 16. Qh4 Nf6 17. exf6 Kxf6 18. Nce4+ Ke7 19. Nf3+ Kd7 20. Ne5+ Kc7 21.
Qe7+ Nd7 22. Nxd7 Bxd7 23. Qd6+ Kc8 24. Qxf8+ Qd8 25. Nd6+ Kc7 26. Qxd8+ Kxd8
27. Bxb4 cxb4 28. Nxb7+ Kc7 29. Nc5 Re8 30. Nxd7 Kxd7 31. Rfe1 Rc8 32. Rac1 a5
33. c3 bxc3 34. Rxc3 Rb8 35. b3 Rb4 36. Rc4 Rb6 37. Rec1 Rb7 38. Ra4 Ra7 39. Rc5
Kd6 40. Rcxa5 Rxa5 41. Rxa5 {Black resigns} 1-0

[Event "Team 45 45 League T96"]
[Site "Internet Chess Club"]
[Date "2023.05.19"]
[Round "2"]
[White "nosir"]
[Black "fvafier"]
[Result "0-1"]
[WhiteElo "1437"]
[BlackElo "1560"]
[Opening "Queen's pawn, Mason variation"]
[ECO "D00"]
[Time "15:00:54"]
[PlyCount "96"]
[TimeControl "2700+45"]

1. d4 d5 2. Bf4 Nf6 3. e3 c5 4. Nc3 e6 5. Nb5 Na6 6. Nf3 Bd7 7. Ne5 Qa5+ 8. Nc3
cxd4 9. exd4 Bb4 10. Bd2 O-O 11. Bd3 Qb6 12. Ne2 Rac8 13. c3 Bd6 14. Rb1 Bb5 15.
Bxb5 Qxb5 16. O-O Ne4 17. f4 f6 18. Ng4 Nxd2 19. Qxd2 Qb6 20. Qe3 Rce8 21. Qh3
e5 22. fxe5 fxe5 23. Rxf8+ Rxf8 24. Rf1 exd4 25. Rxf8+ Bxf8 26. Nxd4 Qxb2 27.
Ne5 Qc1+ 28. Kf2 Qf4+ 29. Nef3 Nc5 30. Qf5 Ne4+ 31. Ke2 Nxc3+ 32. Kd3 Qxf5+ 33.
Nxf5 Nxa2 34. Kd4 Nb4 35. Ne3 b6 36. Nxd5 Nxd5 37. Kxd5 a5 38. Nd4 Bc5 39. Nb3
Bg1 40. h3 Kf7 41. Kd6 a4 42. Nd2 a3 43. Nb3 a2 44. Kd5 Kf6 45. Ke4 h5 46. Kd3
Ke5 47. g4 hxg4 48. hxg4 g5 {White resigns} 0-1

[Event "Team 45 45 League T96"]
[Site "Internet Chess Club"]
[Date "2023.05.21"]
[Round "2"]
[White "Denis240964"]
[Black "g8wrb"]
[Result "0-1"]
[WhiteElo "1298"]
[BlackElo "1287"]
[Opening "Nimzovich-Larsen attack: modern variation"]
[ECO "A01"]
[Time "14:09:02"]
[PlyCount "130"]
[TimeControl "2700+45"]

1. b3 e5 2. Bb2 Nc6 3. e4 Bb4 4. Nc3 d6 5. Bc4 Nf6 6. d3 Be6 7. Bxe6 fxe6 8. Nf3
d5 9. O-O d4 10. Ne2 O-O 11. a3 Be7 12. Ng3 a5 13. a4 Bb4 14. Ba3 Qe7 15. Qc1
Rae8 16. Nd2 Qc5 17. Nc4 b5 18. axb5 Qxb5 19. Bxb4 axb4 20. Qb2 Ng4 21. f3 Nf6
22. Ra4 Nd7 23. Ne2 Nb6 24. Nxb6 Qxb6 25. Rfa1 Qc5 26. Ra6 Nb8 27. R6a5 Qd6 28.
Qc1 Nc6 29. Ra6 Rb8 30. R1a5 Nxa5 31. Rxd6 cxd6 32. Qa1 Ra8 33. Qa4 Rfb8 34. Qd7
Re8 35. Qxd6 Rac8 36. Qxe5 Rxc2 37. Nxd4 Nc6 38. Nxc6 Rxc6 39. Qb5 Rc1+ 40. Kf2
Rec8 41. Kg3 Rd1 42. Qd7 Rdc1 43. Qxe6+ Kh8 44. d4 R1c6 45. Qe5 Rh6 46. d5 Rg6+
47. Kf2 Rc2+ 48. Ke3 Rc3+ 49. Kd4 h6 50. d6 Rc1 51. Qe8+ Kh7 52. d7 Rd6+ 53. Ke5
Rcd1 54. Qe7 Rxd7 55. Qxb4 R1d2 56. Ke6 R7d4 57. Qb6 Rd7 58. b4 R7d3 59. e5 Rxg2
60. Qc6 Rg6+ 61. Ke7 Rxc6 62. e6 Re3 63. Kd7 Rcxe6 64. b5 Rb6 65. Kc7 Rxb5
{White resigns} 0-1